 Dungeon Crawl Stone Soup version 0.19-a0-628-g9200b3b (webtiles) character file.

3871 st0uf the Cleaver (level 10, -1/77 HPs)
             Began as a Formicid Fighter on June 13, 2016.
             Was a Believer of Lugonu.
             Slain by a tengu warrior
             ... wielding a +0 great sword
              (4 damage)
             ... on level 8 of the Dungeon.
             The game lasted 00:43:01 (8009 turns).

st0uf the Cleaver (Formicid Fighter)                Turns: 8009, Time: 00:43:02

Health: -1/77      AC: 10    Str: 25    XL:     10   Next: 42%
Magic:  9/10       EV: 12    Int:  9    God:    Lugonu [**....]
Gold:   481        SH: 11    Dex: 13    Spells: 0 memorised, 9 levels left

rFire  . . .     SeeInvis +     a - +0 war axe
rCold  . . .     Gourm    .     H - +3 scale mail {rPois}
rNeg   . . .     Faith    .     c - +0 shield
rPois  +         Spirit   .     (helmet unavailable)
rElec  .         Dismiss  .     (no cloak)
rCorr  .         Reflect  .     (no gloves)
SustAt +         Harm     .     (no boots)
MR     +....                    (no amulet)
Stlth  ..........               (no ring)
                                C - ring of sustain attributes

@: mighty, somewhat resistant to hostile enchantments, extremely unstealthy
A: permanent stasis, dig shafts and tunnels, four strong arms, antennae 3
a: Dig, Shaft Self, Depart the Abyss, Bend Space, Renounce Religion


You were on level 8 of the Dungeon.
You worshipped Lugonu.
Lugonu was pleased with you.
You were not hungry.

You visited 1 branch of the dungeon, and saw 10 of its levels.
You visited the Abyss 1 time.
You also visited: Sewer and Bailey.

You collected 481 gold pieces.

Inventory:

Hand Weapons
 a - a +0 war axe (weapon)
 I - a +0 hunting sling
Missiles
 e - 129 stones (quivered)
 g - 13 tomahawks of returning
 K - 32 sling bullets
Armour
 c - a +0 shield (worn)
 H - a +3 scale mail of poison resistance (worn)
Jewellery
 C - a ring of sustain attributes (left hand)
Wands
 b - a wand of disintegration (9/24)
 y - a wand of lightning (6/15)
 L - a wand of iceblast (7/15)
Scrolls
 i - 6 scrolls of remove curse
 j - a scroll of magic mapping
 k - a scroll of fog {unknown}
 l - 3 scrolls of enchant armour {unknown}
 n - a scroll of recharging {unknown}
 o - 7 scrolls of identify {unknown}
 x - 3 scrolls of teleportation {unknown}
 B - 2 scrolls of random uselessness {unknown}
 F - a scroll of blinking {unknown}
 G - 2 scrolls of fear {unknown}
 M - a scroll of immolation {unknown}
Potions
 d - 4 potions of might
 h - 5 potions of curing {unknown}
 q - 3 potions of brilliance {unknown}
 r - 3 potions of haste {unknown}
 t - a potion of berserk rage {unknown}
 u - a potion of agility {unknown}
 v - a potion of degeneration {unknown}
 z - a potion of mutation {unknown}
 D - 2 potions of heal wounds {unknown}
 E - 3 potions of lignification {unknown}
Books
 w - a book of Dreams

   Spells                             Type                      Level
   a - Ensorcelled Hibernation        Hexes/Ice                    2
   b - Silence                        Hexes/Air                    5
   c - Darkness                       Hexes                        6
   d - Shadow Creatures               Summoning                    6
 J - a book of Power

   Spells                             Type                      Level
   a - Fulminant Prism                Conjuration/Hexes            4
   b - Iskenderun's Mystic Blast      Conjuration                  4
   c - Venom Bolt                     Conjuration/Poison           5
   d - Bolt of Magma                  Conjuration/Fire/Earth       5
   e - Iron Shot                      Conjuration/Earth            6
   f - Orb of Destruction             Conjuration                  7
   g - Spellforged Servitor           Conjuration/Summoning        7
Comestibles
 f - 6 bread rations
 m - a meat ration
 p - a fruit
 s - a beef jerky
 A - a slice of pizza
 N - a chunk of flesh


   Skills:
 + Level 6.7 Fighting
 * Level 9.0 Axes
 + Level 2.8 Slings
 + Level 0.2(1.5) Throwing
 + Level 6.9 Armour
 + Level 4.7 Dodging
 + Level 7.9 Shields


You had 9 spell levels left.
You didn't know any spells.

Dungeon Overview and Level Annotations

Branches:
Dungeon (10/15)
 Temple: D:4-7         Lair: D:8-11         Orc: D:9-12

Altars:
Elyvilon
Makhleb
Ru


Innate Abilities, Weirdness & Mutations

You are under a permanent stasis effect.
You can dig through walls and to a lower floor.
Your four strong arms can wield two-handed weapons with a shield.
You have a pair of large antennae on your head. (SInv)


Message History

The tengu warrior claws you but does no damage.
You barely miss the tengu warrior.
The tengu warrior is lightly wounded.
The tengu warrior hits you with a great sword!
You block the tengu warrior's attack. x2
You closely miss the tengu warrior.
The tengu warrior is lightly wounded.
Space bends around you!
You feel jittery for a moment.
* * * LOW HITPOINT WARNING * * *
The tengu warrior hits you with a great sword!
* * * LOW HITPOINT WARNING * * *
You block the tengu warrior's attack. The tengu warrior claws you.
* * * LOW HITPOINT WARNING * * *
Okay, then.
You extend your mandibles.
You dig through the rock wall.
You dig through the rock wall.
An adder comes into view.
You block the tengu warrior's attack. x2; The tengu warrior claws you.
You die...

# ## .# #o ###.# ...
..(.# .... .S###
##....# { ##@# .
##Q##.... .# ##g###...
#.# #)## #....
..{{.###.###....
#.......{...(..#
.{.#####K###.###. .Z
##.##.##.. #.#Z. #
######.#.#...###..##..#


You could see a tengu warrior, a gnoll and an adder.

Vanquished Creatures
  Pikel (D:8)
  The ghost of georgeearnest the Covered, a novice HOFi of Beogh (D:6)
  Grinder (D:6)
  A polar bear (shapeshifter) (D:8)
  A wraith (D:10)
  Edmund (D:5)
  A phantom (D:8)
  A sky beast (D:8)
  4 orc warriors (Bailey)
  A necrophage (D:5)
  2 ogres
  A centaur (D:6)
  3 big kobolds (D:8)
  2 giant frogs
  Blork the orc (D:5)
  A jelly (D:8)
  A howler monkey (D:5)
  A crimson imp (D:6)
  4 hounds
  2 orc priests
  A giant frog skeleton (D:4)
  Jessica (D:2)
  An iguana (D:5)
  Natasha (thrice) (D:2)
  5 orc wizards
  3 worker ants
  Terence (D:2)
  10 adders
  A shadow imp (D:8)
  12 oozes (Sewer)
  4 worms
  18 giant geckos
  15 orcs
  9 ball pythons (Sewer)
  16 giant cockroaches
  11 goblins
  11 hobgoblins
  9 jackals
  14 kobolds
  2 quokkas (D:2)
  12 bats
  17 giant newts
  A jackal skeleton (D:8)
  11 rats
219 creatures vanquished.

Vanquished Creatures (others)
  4 slaves (D:8)
  An ogre (D:7)
  4 big kobolds (D:8)
  An orc priest (D:7)
10 creatures vanquished.

Grand Total: 229 creatures vanquished

Notes
Turn   | Place    | Note
--------------------------------------------------------------
     0 | D:1      | st0uf the Formicid Fighter began the quest for the Orb.
     0 | D:1      | Reached XP level 1. HP: 18/18 MP: 1/1
   179 | D:1      | Reached XP level 2. HP: 21/24 MP: 2/2
   363 | D:1      | Reached XP level 3. HP: 30/30 MP: 3/3
   848 | D:2      | Noticed Jessica
   866 | D:2      | Killed Jessica
   866 | D:2      | Reached XP level 4. HP: 37/37 MP: 4/4
   893 | D:2      | Noticed Natasha
   902 | D:2      | Killed Natasha
  1048 | D:2      | Reached skill level 1 in Dodging
  1172 | D:2      | Noticed Terence
  1181 | D:2      | Killed Terence
  1181 | D:2      | Reached XP level 5. HP: 41/42 MP: 5/5
  1232 | D:2      | Reached skill level 3 in Axes
  1551 | D:2      | Found a white marble altar of Elyvilon.
  1809 | D:2      | Noticed Natasha
  1817 | D:2      | Killed Natasha
  1973 | D:2      | Noticed Natasha
  1981 | D:2      | Killed Natasha
  1981 | D:2      | Reached XP level 6. HP: 45/48 MP: 6/6
  2040 | D:3      | Found a faded altar of an unknown god.
  2123 | D:3      | Found a glowing drain.
  2172 | Sewer    | Entered a sewer
  2610 | Sewer    | Reached skill level 5 in Shields
  2773 | Sewer    | Reached XP level 7. HP: 53/55 MP: 7/7
  2773 | Sewer    | Reached skill level 4 in Axes
  3703 | D:4      | Cast into level 1 of the Abyss (orc wizard)
  3756 | Abyss:1  | Noticed a large abomination
  3766 | Abyss:2  | Found a corrupted altar of Lugonu.
  3772 | Abyss:2  | Noticed a profane servitor
  3774 | Abyss:2  | Became a worshipper of Lugonu the Unformed
  3774 | Abyss:2  | Reached * piety under Lugonu
  3775 | D:4      | Escaped the Abyss
  4159 | D:4      | Reached skill level 5 in Axes
  4159 | D:4      | Reached XP level 8. HP: 61/61 MP: 8/8
  4480 | D:4      | Reached skill level 5 in Armour
  4557 | D:4      | Found a burning altar of Makhleb.
  4720 | D:4      | Reached skill level 5 in Fighting
  4736 | D:5      | Entered Level 5 of the Dungeon
  5168 | D:5      | Noticed Edmund
  5186 | D:5      | Killed Edmund
  5186 | D:5      | Reached skill level 6 in Axes
  5289 | D:5      | Noticed Blork the orc
  5309 | D:5      | Killed Blork the orc
  5961 | D:6      | Noticed georgeearnest's ghost (novice HOFi)
  6018 | D:6      | Noticed Grinder
  6199 | D:6      | Killed Grinder
  6199 | D:6      | Reached XP level 9. HP: 57/69 MP: 9/9
  6288 | D:6      | Reached skill level 7 in Axes
  6357 | D:6      | Killed georgeearnest's ghost
  6640 | D:6      | You fall through a shaft for 3 floors!
  6644 | D:9      | Noticed a troll
  6655 | D:10     | Entered Level 10 of the Dungeon
  6716 | D:10     | Reached ** piety under Lugonu
  6723 | D:10     | Found a flagged portal.
  6773 | Bailey   | Entered a bailey
  6899 | Bailey   | Reached skill level 1 in Slings
  7439 | Bailey   | Reached skill level 8 in Axes
  7583 | Bailey   | Found a bloodstained altar of Trog.
  7679 | D:9      | Found a sacrificial altar of Ru.
  7696 | D:8      | Reached XP level 10. HP: 69/76 MP: 10/10
  7866 | D:8      | Noticed Pikel
  7906 | D:8      | Killed Pikel
  7996 | D:8      | Reached skill level 9 in Axes
  8000 | D:8      | Noticed a tengu warrior
  8007 | D:8      | HP: 2/77 [tengu warrior/great sword (3)]
  8009 | D:8      | Slain by a tengu warrior

Vault maps used:
D:1:      dpeg_arrival_stone_temple_mockup, supply_closet_lemuel
D:2:      lemuel_doored_altar, uniq_jessica, uniq_natasha, uniq_terence
D:3:      ecumenical_altar_1, portal_sewer_entry_a, minmay_statues_item
D:4:      bloody_makhleb, first_bread, roderic_greek_sauvastika
D:5:      uniq_edmund, uniq_blork_the_orc
D:6:      fedhas_altar_fruit_tree, uniq_grinder
D:7:      the_bakery, xom_confusion_cloud
D:8:      minmay_curly_fans, special_room, serial_shops, shop, uniq_pikel
D:9:      minitemple, basic_altar, bloody_trog
D:10:     enter_bailey_3
Abyss:2:  hangedman_cross_veins, hangedman_abyss_or_decor_stagger
Sewer:    sewer_frog_island_02
Bailey:   bailey_axe_3, bailey

Skill      XL: |  1  2  3  4  5  6  7  8  9 10 |
---------------+-------------------------------+-----
Shields        | 4 5 6 7 |  7.9
Fighting       | 4 5 6 |  6.7
Dodging        | 1 2 3 4 |  4.7
Axes           | 3 5 6 8 9 |  9.0
Armour         | 4 5 6 |  6.9
Slings         | 2 |  2.8
Throwing       | |  0.2

Action                   |  1- 3 |  4- 6 |  7- 9 | 10-12 || total
-------------------------+-------+-------+-------+-------++-------
Melee: War axe           |    73 |   295 |   414 |   141 ||   923
 Fire: Hunting sling     |       |       |    59 |       ||    59
Throw: Stone             |       |       |     7 |       ||     7
Invok: Depart the Abyss  |       |       |     1 |       ||     1
       Bend Space        |       |       |       |     1 ||     1
 Abil: Dig               |     3 |       |     8 |     3 ||    14
  Use: Scroll            |       |       |     4 |       ||     4
       Potion            |       |       |       |     1 ||     1
  Eat: Chunk             |       |     7 |    15 |     2 ||    24
       Fruit             |       |       |     2 |       ||     2
       Pizza             |       |       |     1 |       ||     1
Armor: Scale mail        |    43 |    98 |   105 |    35 ||   281
Dodge: Dodged            |    26 |   108 |   145 |    43 ||   322
Block: Shield            |    34 |   176 |   221 |    63 ||   494
